 Dungeon Crawl Stone Soup version 0.20-a0-540-ge6d1839 (webtiles) character file.

231 Lahna the Skirmisher (level 6, -3/55 HPs)
             Began as a Hill Orc Fighter on Jan 30, 2017.
             Slain by an ogre
             ... wielding a +0 giant club
              (11 damage)
             ... on level 5 of the Dungeon.
             The game lasted 00:05:22 (2349 turns).

Lahna the Skirmisher (Hill Orc Fighter)             Turns: 2349, Time: 00:05:22

Health: -3/55      AC: 13    Str: 19    XL:     6   Next: 4%
Magic:  6/6        EV:  7    Int:  8    God:
Gold:   167        SH:  9    Dex: 12    Spells: 5/5 levels left

rFire    . . .     SeeInvis .   a - +0 flail
rCold    . . .     Gourm    .   b - +0 scale mail
rNeg     . . .     Faith    .   c - +0 shield
rPois    .         Spirit   .   (no helmet)
rElec    .         Reflect  .   (no cloak)
rCorr    .         Harm     .   (no gloves)
MR       .....                  (no boots)
Stlth    ..........             (no amulet)
Regen    0.2/turn               (no ring)
                                r - +6 ring of protection

@: no status effects
A: no striking features
a: no special abilities


You were on level 5 of the Dungeon.
You were not hungry.

You visited 1 branch of the dungeon, and saw 5 of its levels.

You collected 167 gold pieces.

Inventory:

Hand Weapons
 a - a +0 flail (weapon)
Missiles
 t - a throwing net (quivered)
Armour
 b - a +0 scale mail (worn)
 c - a +0 shield (worn)
Jewellery
 r - a +6 ring of protection (left hand)
 v - an uncursed ring of poison resistance {unknown}
Scrolls
 e - a scroll of magic mapping {unknown}
 h - 3 scrolls of teleportation {unknown}
 i - 6 scrolls of identify {unknown}
 m - a scroll of enchant weapon {unknown}
 q - a scroll of recharging {unknown}
 s - a scroll of amnesia {unknown}
 w - a scroll of random uselessness {unknown}
Potions
 d - a potion of might
 g - a potion of degeneration {unknown}
 k - a potion of lignification {unknown}
 l - 2 potions of resistance {unknown}
 n - a potion of flight {unknown}
 o - a potion of ambrosia {unknown}
 u - 2 potions of curing {unknown}
 x - a potion of agility {unknown}
Comestibles
 f - 2 bread rations
 j - a royal jelly
 z - 2 meat rations


   Skills:
 + Level 4.9 Fighting
 + Level 3.8 Maces & Flails
 + Level 4.6 Armour
 + Level 4.4 Shields


You had 5 spell levels left.
You didn't know any spells.

Dungeon Overview and Level Annotations

Branches:
Dungeon (5/15)
 Temple: D:4-7

Altars:
Makhleb
Nemelex Xobeh
Sif Muna

Annotations:
D:4 Eustachio


Message History

* * * LOW HITPOINT WARNING * * *
The ogre closely misses you.
You climb downwards.
There is a stone staircase leading up here.
A frilled lizard comes into view.
The frilled lizard hisses angrily.
Your scale mail prevents you from hitting the ogre.
The ogre hits you with a giant club!
* * * LOW HITPOINT WARNING * * *
You hit the ogre.
The ogre is lightly wounded.
You block the ogre's attack.
You thump the ogre!
The ogre is moderately wounded.
You hear a blaring wail to the west.
You block the ogre's attack.
You barely miss the ogre.
The ogre is moderately wounded.
The ogre hits you with a giant club!
You die...

▒▒▒▒▒.▒.▒
▒........ ▒O▒
▒@▒
......l........
.▒▒▒.▒▒.▒▒.▒▒.▒
.. ▒.▒ ▒ ▒▒ ▒..
▒▒. . ..


You could see an ogre and a frilled lizard.

Vanquished Creatures
  A hound (D:4)
  An orc wizard (D:3)
  Natasha (thrice) (D:3)
  2 adders (D:2)
  A dart slug (D:3)
  A leopard gecko (D:2)
  4 orcs (D:3)
  2 ball pythons
  4 bats
  9 giant cockroaches
  4 goblins
  6 hobgoblins
  6 jackals
  4 quokkas (D:2)
  6 frilled lizards
  9 kobolds
  8 rats
71 creatures vanquished.

Notes
Turn   | Place    | Note
-------+----------+-------------------------------------------
     0 | D:1      | Lahna the Hill Orc Fighter began the quest for the Orb.
     0 | D:1      | Reached XP level 1. HP: 19/19 MP: 1/1
   100 | D:1      | Reached XP level 2. HP: 27/27 MP: 2/2
   652 | D:1      | Reached XP level 3. HP: 30/33 MP: 3/3
  1060 | D:2      | Reached XP level 4. HP: 37/40 MP: 4/4
  1084 | D:2      | Found a sparkling altar of Nemelex Xobeh.
  1084 | D:2      | Found a deep blue altar of Sif Muna.
  1668 | D:3      | Reached XP level 5. HP: 40/47 MP: 5/5
  1691 | D:3      | Found a burning altar of Makhleb.
  1693 | D:3      | Noticed Natasha
  1717 | D:3      | Killed Natasha
  1878 | D:3      | Noticed Natasha
  1891 | D:3      | Killed Natasha
  1965 | D:3      | Noticed Natasha
  1976 | D:3      | Killed Natasha
  2247 | D:4      | Noticed Eustachio
  2256 | D:4      | Reached XP level 6. HP: 41/55 MP: 6/6
  2344 | D:5      | Entered Level 5 of the Dungeon
  2349 | D:5      | Slain by an ogre

Vault maps used:
D:1:      dpeg_arrival_prison
D:2:      chequers_temple_overflow_statue_of_worship
D:3:      lemuel_crystal_altar, uniq_natasha
D:4:      nicolae_overflow_hidden_temple, minmay_temple_entry_statues,
          first_bread, okawaru_metal_pillars_3, uniq_pikel, uniq_eustachio,
          uniq_grinder
D:5:      corexii_checkpoint_a, minmay_misc_feat_nine_boxes

Skill      XL: |  1  2  3  4 |
---------------+-------------+-----
Fighting       | 4 |  4.9
Maces & Flails | 3 |  3.8
Armour         | 4 |  4.6
Shields        | 4 |  4.4

Action                   |  1- 3 |  4- 6 || total
-------------------------+-------+-------++-------
Melee: Flail             |    96 |   202 ||   298
  Eat: Chunk             |     1 |     4 ||     5
Armor: Scale mail        |    59 |   196 ||   255
Dodge: Dodged            |    27 |    95 ||   122
Block: Shield            |    49 |   128 ||   177
